 Dungeon Crawl Stone Soup version 0.31-a0-841-g038b102fc3 (webtiles) character file.

Game seed: 10791704575893527903

241246 croobank the Tortoise (level 19, -8/153 HPs)
             Began as a Gnoll Delver on Sept 27, 2023.
             Was an Initiate of Gozag.
             Mangled by a merfolk
             ... wielding a +0 trident
             ... led by a merfolk impaler
              (10 damage)
             ... on level 3 of the Shoals on Sept 28, 2023.
             The game lasted 04:18:45 (53027 turns).

croobank the Tortoise (Gnoll Delver)               Turns: 53027, Time: 04:18:45

Health: -8/153     AC: 22    Str: 13    XL:     19   Next: 35%
Magic:  27/36      EV: 13    Int: 19    God:    Gozag
Gold:   1360       SH: 15    Dex: 12    Spells: 2/44 levels left

rFire   + + +        a - +6 dagger of Muomuun {spect, Int+2 Dex-5 Stlth+}
rCold   . . .        A - +3 buckler
rNeg    + . .        F - +5 fire dragon scales
rPois   +            S - -2 hat of the Alchemist {rElec rPois rF+ rC+ rN+ Will+ rMut rCorr}
rElec   +            L - +2 cloak {rCorr}
rCorr   +            (no gloves)
SInv    +            P - +0 pair of boots
Will    +++..        U - amulet of the Morning {Reflect rPois Dex+4 SH+5}
Stlth   +++++        x - +4 ring of slaying
HPRegen 0.45/turn    n - ring of willpower
MPRegen 0.25/turn

%: reflection, resist mutation
@: lethally poisoned (-8 -> -9), engulfed (cannot breathe), studying 2 skills
A: fangs 1, strong nose, distributed training, hooves 1, horns 1, see invisible
}: 2/15 runes: abyssal, gossamer
a: Renounce Religion, Potion Petition, Call Merchant, Bribe Branch


You were on level 3 of the Shoals.
You worshipped Gozag.
Gozag was most pleased with you.
You visited 7 branches of the dungeon, and saw 31 of its levels.
You visited the Abyss 1 time.
You also visited: Bailey.

You collected 12703 gold pieces.
You spent 3741 gold pieces at shops.
You paid 7602 gold pieces to Gozag.

Inventory:

Hand Weapons
 a - the +6 dagger of Muomuun (weapon) {spect, Int+2 Dex-5 Stlth+}
   (You bought it in a shop on level 8 of the Dungeon)

   Int+2:     It affects your intelligence (+2).
   Dex-5:     It affects your dexterity (-5).
   Stlth+:    It makes you more stealthy.
 u - a +4 scimitar of flaming
 w - a +2 dagger of speed
 H - a +3 flail of holy wrath
 R - a +8 broad axe
Missiles
 v - 3 curare-tipped darts
 E - 57 boomerangs
 J - 4 throwing nets
 Q - 9 javelins
 W - 2 silver javelins (quivered)
 Z - 5 datura-tipped darts
Armour
 A - a +3 buckler (worn)
 F - +5 fire dragon scales (worn)
 L - a +2 cloak of preservation (worn)
 P - a +0 pair of boots (worn)
 S - the -2 hat of the Alchemist (worn) {rElec rPois rF+ rC+ rN+ Will+ rMut rCorr}
   (You found it on level 5 of the Lair of Beasts)

   rF+:       It protects you from fire.
   rC+:       It protects you from cold.
   rElec:     It insulates you from electricity.
   rPois:     It protects you from poison rN+: It protects you from negative
   energy.
   Will+:     It increases your willpower.
   rCorr:     It protects you from acid and corrosion.
   rMut:      It protects you from mutation.
 X - a scarf of resistance
Jewellery
 n - a ring of willpower (right hand)
 p - a ring of flight
 t - a +6 ring of dexterity
 x - a +4 ring of slaying (left hand)
 y - a +6 ring of dexterity
 G - a ring of wizardry
 T - a ring of positive energy
 U - the amulet of the Morning (around neck) {Reflect rPois Dex+4 SH+5}
   (You acquired it on level 10 of the Dungeon)

   [amulet of reflection]

   Reflect:   It reflects blocked missile attacks.
   Dex+4:     It affects your dexterity (+4).
   rPois:     It protects you from poison SH+5: It affects your SH (+5).
 V - a ring of positive energy
Talismans
 o - a beast talisman
Wands
 c - a wand of flame (38)
 g - a wand of acid (1)
 s - a wand of paralysis (12)
 z - a wand of mindburst (8)
 B - a wand of digging (4)
 M - a wand of roots (7)
 Y - a wand of polymorph (17)
Scrolls
 b - a scroll of fog
 d - 4 scrolls of revelation
 e - 6 scrolls of fear
 j - 12 scrolls of identify
 k - 4 scrolls of vulnerability
 r - a scroll of amnesia
 I - 17 scrolls of teleportation
Potions
 f - 2 potions of brilliance
 h - 2 potions of magic
 i - a potion of enlightenment
 l - 5 potions of mutation
 m - 3 potions of attraction
 q - 3 potions of resistance
 C - 5 potions of curing
 D - 5 potions of lignification
 O - 2 potions of invisibility
Miscellaneous
 K - a sack of spiders


   Skills:
 + Level 14.6 Fighting
 + Level 13.9 Short Blades
 + Level 13.2 Long Blades
 + Level 13.2 Axes
 + Level 13.2 Maces & Flails
 + Level 13.2 Polearms
 + Level 13.2 Staves
 + Level 13.2 Ranged Weapons
 + Level 13.2 Throwing
 + Level 16.5 Armour
 + Level 13.9 Dodging
 + Level 16.0 Stealth
 + Level 13.2 Shields
 + Level 13.2 Unarmed Combat
 + Level 13.2 Spellcasting
 + Level 11.2 Conjurations
 + Level 11.2 Hexes
 + Level 11.2 Summonings
 + Level 11.2 Necromancy
 + Level 11.2 Translocations
 + Level 11.2 Transmutations
 + Level 11.2 Fire Magic
 + Level 11.2 Ice Magic
 + Level 12.9 Air Magic
 + Level 11.2 Earth Magic
 + Level 11.2 Poison Magic
 + Level 14.3 Invocations
 + Level 13.2 Evocations
 + Level 12.2 Shapeshifting


You had 2 spell levels left.
You knew the following spells:

 Your Spells              Type           Power      Damage    Failure   Level
a - Stone Arrow           Conj/Erth      100%       3d13      1%          3
b - Ozocubu's Armour      Ice            53%        N/A       1%          3
c - Mephitic Cloud        Conj/Pois/Air  55%        N/A       1%          3
d - Dispel Undead         Necr           53%        3d19      2%          4
e - Summon Mana Viper     Hex/Summ       53%        N/A       6%          5
f - Arcjolt               Conj/Air       27%        1d37      4%          5
g - Borgnjor's Vile Clut  Necr/Erth      26%        N/A       6%          5
h - Yara's Violent Unrav  Hex/Tmut       26%        3d11      6%          5
i - Passage of Golubria   Tloc           53%        N/A       2%          4
s - Silence               Hex/Air        27%        N/A       4%          5

Your spell library contained the following spells:

 Spells                   Type           Power      Damage    Failure   Level
 Magic Dart               Conj           100%       1d8       1%          1
 Sandblast                Erth           100%       2d20      1%          1
 Call Imp                 Summ           100%       N/A       1%          2
 Cigotuvi's Dreadful Rot  Necr/Pois/Air  100%       N/A       1%          2
 Lesser Beckoning         Tloc           100%       N/A       1%          2
 Passwall                 Tmut/Erth      44%        N/A       1%          2
 Searing Ray              Conj           100%       2d8       1%          2
 Call Canine Familiar     Summ           53%        N/A       1%          3
 Gell's Gravitas          Tloc           53%        N/A       1%          3
 Sigil of Binding         Hex            53%        N/A       1%          3
 Teleport Other           Tloc           53%        N/A       1%          3
 Tukima's Dance           Hex            53%        N/A       1%          3
 Vhi's Electric Charge    Tloc/Air       100%       N/A       1%          4
 Brom's Barrelling Bould  Conj/Erth      53%        2d7       2%          4
 Dimensional Bullseye     Hex/Tloc       26%        N/A       2%          4
 Fulminant Prism          Conj/Hex       26%        3d14      2%          4
 Leda's Liquefaction      Hex/Erth       26%        N/A       2%          4
 Summon Ice Beast         Ice/Summ       53%        N/A       2%          4
 Freezing Cloud           Conj/Ice/Air   27%        6-21      4%          5
 Metabolic Englaciation   Hex/Ice        26%        N/A       6%          5
 Plasma Beam              Fire/Air       27%        2x1d40    22%         6
 Death Channel            Necr           26%        N/A       32%         6
 Monstrous Menagerie      Summ           26%        N/A       88%         7
 Ozocubu's Refrigeration  Ice            26%        4d13      88%         7
 Lehudib's Crystal Spear  Conj/Erth      26%        10d7      100%        8
 Animate Dead             Necr           Unusable   N/A       N/A         4
 Simulacrum               Ice/Necr       Unusable   N/A       N/A         6

Dungeon Overview and Level Annotations

Branches:
Dungeon (15/15)            Temple (1/1) D:5            Lair (5/5) D:8
 Shoals (3/4) Lair:2       Spider (4/4) Lair:3        Slime (0/5) Lair:4
    Orc (2/2) D:10            Elf (1/3) Orc:2        Vaults (0/5) D:13
 Depths (0/4) D:15         Bailey (visited)

Altars:
Ashenzari
Cheibriados
Dithmenos
Elyvilon
Fedhas
Gozag
Hepliaklqana
Kikubaaqudgha
Makhleb
Nemelex Xobeh
Okawaru
Qazlal
Ru
Sif Muna
Trog
Uskayaw
Vehumet
Wu Jian
Xom
Yredelemnul
Zin
The Shining One

Shops:
D:8 (![:(   D:14 :   Orc:2 =!(!

Portals:
Trove: D:10 (give +5 ice dragon scales)

Annotations:
D:6 1 runed translucent door, Crazy Yiuf
D:11 1 runed translucent door
Lair:2 2 transporters, Shayle's ghost, journeyman OgHs
Lair:4 1 runed translucent door, Nestid's ghost, journeyman OgHs


Innate Abilities, Weirdness & Mutations

You have very sharp teeth.
Your uncanny sense of smell can sniff out nearby items.
Your experience applies equally to all skills.
You have large cloven feet.
You have a pair of small horns on your head.
You have supernaturally acute eyesight. (SInv)


Message History

Things that are here:
7 gold pieces; a +0 rapier; a +0 robe Your unstable footing causes you to fumble your attack.
The water elemental hits you!
The water elemental engulfs you in water!
You block the merfolk's attack. You block the merfolk impaler's attack.
Your lungs strain for air!
You feel sick.
The skyshark is no longer distracted by gold.
The merfolk hits you but does no damage.
You block the merfolk impaler's attack. The water elemental hits you.
The merfolk closely misses you. The merfolk barely misses you.
The merfolk impaler barely misses you.
* * * LOW HITPOINT WARNING * * *
Your lungs strain for air!
You feel sick.
The merfolk impaler is distracted by your dazzling golden aura.
You block the water elemental's attack. The water elemental hits you!
* * * LOW HITPOINT WARNING * * *
The merfolk attacks as it pursues you! You block the merfolk's attack.
The merfolk hits you but does no damage.
The merfolk hits you from afar with a +0 trident!
* * * LOW HITPOINT WARNING * * *
The water elemental barely misses you. The water elemental hits you!
* * * LOW HITPOINT WARNING * * *
You block the merfolk's attack.
You slip free of the water engulfing you.
You gasp with relief as air once again reaches your lungs.
You feel sick.
The merfolk impaler is no longer distracted by gold.
The water elemental attacks as it pursues you!
The water elemental hits you.
The water elemental engulfs you in water!
You block the water elemental's attack.
The merfolk hits you from afar with a +0 spear!
* * * LOW HITPOINT WARNING * * *
The water elemental hits you. The water elemental misses you.
The merfolk hits you from afar with a +0 trident!
You die...
Your body crumbles into a pile of gold.

..~~ ~~~~~~~~~~~~~~~~~~~~~
#...~~~~~~~~~~~~~~~~~~~~~~~
####....~.~~~~~~~~~~~~~~~~~~~~~
........~.~~~~~~~~~~~~~~~~~~~..
....~~~~≈≈≈~~~~~~~.~~~~~~~m~~..
....~~≈≈≈≈≈~~~~~~~~..~~~~.~~~~~
..##.~≈≈≈≈~~.##.$.m###..E..~~≈≈
...##~≈≈≈≈~~.###...####mE...~≈≈
....[.~≈≈≈~~~...@Em$#.......~≈≈
~~~~..~≈≈≈~P~...EEmm.........~~
~~~~).)~≈≈~~....<~~l.).........
<~)~))..≈≈~~...."~####....####.
.....≈~.~≈~~~...P.# #...##
..###.≈~≈~~..###..# #...# ..#
#.~≈≈~~..P###### ....#
~~###.~≈≈~~........# .....
.~[...≈≈≈~~........# .P.##.


You could see a merfolk impaler, a skyshark, 3 merfolk and 3 water elementals.

Vanquished Creatures
  Nikola (Spider:4)
  Mlioglotl (Spider:1)
  A quicksilver dragon (Abyss:3)
  Gastronok (D:8)
  Aizul (Shoals:2)
  Kirke (Shoals:1)
  6 emperor scorpions
  A fire giant (D:14)
  Louise (Spider:1)
  A deep elf sorcerer (Abyss:3)
  2 ghost moths (Spider:4)
  2 orc warlords
  5 broodmothers (Spider:4)
  Nessos (D:13)
  3 dire elephants
  Azrael (D:12)
  4 spark wasps
  An ettin (D:14)
  A merfolk javelineer (Shoals:2)
  A yaktaur captain (D:14)
  4 entropy weavers
  2 merfolk impalers
  Erolcha (D:12)
  4 hydras
  3 merfolk avatars
  5 catoblepae
  2 radroaches
  3 vault guards (D:13)
  6 boulder beetles
  4 centaur warriors
  3 dancing weapons
  2 jorogumos
  2 tengu warriors
  10 two-headed ogres
  3 death yaks (Lair:3)
  2 merfolk aquamancers (Shoals:3)
  A satyr (Shoals:2)
  A vampire mage (Abyss:3)
  A deep troll earth mage (D:15)
  2 thrashing horrors (Abyss:3)
  2 orc high priests
  9 demonic crawlers
  Nergalle (D:12)
  5 skysharks
  3 pharaoh ants
  A shadow wraith (Abyss:3)
  2 sun moths
  A deep troll (shapeshifter) (D:14)
  A spatial maelstrom (Abyss:3)
  4 orb spiders
  2 sea snakes (Shoals:2)
  3 wolf spider zombies (Spider:3)
  A glowing orange brain (Abyss:3)
  3 spectral wolf spiders (Spider:3)
  3 orc knights
  A deep elf zephyrmancer (Orc:2)
  A deep elf archer (Elf:1)
  10 steelbarb worms
  12 harpies
  13 ugly things
  7 deep elf pyromancers
  7 orc sorcerers
  21 wolf spiders
  5 cyclopes
  7 manticores
  2 moths of wrath
  A worldbinder (Abyss:3)
  7 black mambas
  10 merfolk sirens
  19 fauns
  Joseph (Lair:1)
  11 cane toads
  10 elephants
  A gargoyle (D:13)
  A cane toad (shapeshifter) (D:15)
  A torpor snail (Lair:4)
  2 smoke demons (Abyss:3)
  3 water nymphs
  2 unseen horrors
  Maggie (D:9)
  An ancient zyme (Abyss:3)
  2 kobold demonologists
  5 rime drakes
  7 komodo dragons
  4 efreet
  16 merfolk
  A queen bee (shapeshifter) (D:14)
  3 trolls
  A meliai (D:14)
  5 wind drakes
  Prince Ribbit (Lair:1)
  A troll (shapeshifter) (D:15)
  A hornet (shapeshifter) (D:15)
  A hornet (D:14)
  2 wolf spider simulacra (Spider:3)
  18 tarantellas
  28 blink frogs
  5 polar bears
  3 snapping turtles
  Sigmund (D:3)
  34 jumping spiders
  13 culicivoras
  3 slime creatures (D:13)
  A vampire (D:11)
  3 wraiths
  3 water elementals
  3 shadows
  4 wyverns
  44 yaks
  A fire bat (shapeshifter) (D:14)
  3 ynoxinuls (Abyss:3)
  A basilisk (shapeshifter) (D:14)
  5 fire elementals (D:12)
  A human (shapeshifter) (D:14)
  2 basilisks
  4 hogs (Shoals:1)
  7 humans (D:13)
  44 redbacks
  A large abomination (Abyss:3)
  6 vampire mosquitoes (D:13)
  7 steam dragons
  Menkaure (D:4)
  An acid dragon (D:11)
  3 spatial vortices (Abyss:3)
  20 water moccasins
  3 nameless horrors
  A hell hound (D:12)
  29 orc warriors
  An ice beast (D:6)
  3 sky beasts (D:10)
  26 wolves
  3 ogres
  2 centaurs
  7 starcursed masses (Abyss:3)
  4 kobold brigands
  2 phantoms
  11 bullfrogs
  An earth elemental (Orc:2)
  13 wights
  14 killer bees
  8 electric eels
  3 howler monkeys
  2 jellies
  A gnoll bouda (D:6)
  23 orc priests
  2 hounds (D:7)
  33 orc wizards
  A sleepcap (D:6)
  2 iguanas
  4 gnolls
  3 adders
  A shadow imp (D:6)
  A white imp (D:5)
  An ufetubus (D:7)
  2 worms
  3 dart slugs
  45 orcs
  4 ball pythons
  5 bats
  2 endoplasms (D:1)
  2 giant cockroaches (D:4)
  9 hobgoblins
  8 jackals
  27 kobolds
  2 quokkas
  3 frilled lizards
  16 goblins
  5 rats
  A spectral weapon (Spider:4)
954 creatures vanquished.

Vanquished Creatures (collateral kills)
  A tentacled monstrosity (Abyss:3)
  Rupert (D:15)
  Roxanne (D:14)
  A deep elf sorcerer (Abyss:3)
  A deep elf elementalist (Elf:1)
  2 spark wasps
  A merfolk impaler (Shoals:2)
  An ogre mage (D:15)
  2 merfolk aquamancers
  A radroach (Spider:3)
  A boulder beetle (Lair:4)
  4 two-headed ogres (D:15)
  A demonic crawler (Spider:4)
  A pharaoh ant (Spider:4)
  3 orb spiders (Spider:4)
  2 steelbarb worms
  4 harpies
  A manticore (Shoals:3)
  3 wolf spiders
  An ugly thing (D:14)
  4 fauns
  A moth of wrath (Spider:1)
  A merfolk siren (Shoals:2)
  A water nymph (Shoals:2)
  An apocalypse crab (Abyss:3)
  A smoke demon (Abyss:3)
  9 merfolk
  2 snapping turtles
  4 tarantellas
  2 jumping spiders
  2 water elementals
  A hog (Shoals:1)
  A yak (Lair:4)
  A basilisk (Lair:1)
  11 redbacks
  An ogre (D:15)
  A bullfrog (Lair:4)
  An orc priest (Orc:2)
  3 orcs (Orc:1)
81 creatures vanquished.

Vanquished Creatures (others)
  A vault guard (D:13)
  A sun moth (Spider:4)
  A culicivora (Spider:1)
  2 humans
  3 orc wizards (Orc:2)
  A quokka (D:14)
  16 spectral weapons
  4 starspawn tentacles (Abyss:3)
29 creatures vanquished.

Grand Total: 1064 creatures vanquished

Notes
Turn   | Place    | Note
-------+----------+-------------------------------------------
     0 | D:5      | croobank the Gnoll Delver began the quest for the Orb.
     0 | D:5      | Reached XP level 1. HP: 23/23 MP: 1/1
    20 | D:6      | Noticed an ice beast
    65 | D:5      | Reached XP level 2. HP: 23/29 MP: 2/2
    97 | D:5      | Noticed a water moccasin
   106 | D:5      | Killed a water moccasin
   107 | D:5      | Reached skill level 1 in Long Blades
   107 | D:5      | Reached skill level 1 in Axes
   107 | D:5      | Reached skill level 1 in Maces & Flails
   107 | D:5      | Reached skill level 1 in Polearms
   107 | D:5      | Reached skill level 1 in Staves
   107 | D:5      | Reached skill level 1 in Ranged Weapons
   107 | D:5      | Reached skill level 1 in Throwing
   107 | D:5      | Reached skill level 1 in Armour
   107 | D:5      | Reached skill level 1 in Shields
   107 | D:5      | Reached skill level 1 in Unarmed Combat
   107 | D:5      | Reached skill level 1 in Spellcasting
   107 | D:5      | Reached skill level 1 in Conjurations
   107 | D:5      | Reached skill level 1 in Hexes
   107 | D:5      | Reached skill level 1 in Summonings
   107 | D:5      | Reached skill level 1 in Necromancy
   107 | D:5      | Reached skill level 1 in Translocations
   107 | D:5      | Reached skill level 1 in Transmutations
   107 | D:5      | Reached skill level 1 in Fire Magic
   107 | D:5      | Reached skill level 1 in Ice Magic
   107 | D:5      | Reached skill level 1 in Air Magic
   107 | D:5      | Reached skill level 1 in Earth Magic
   107 | D:5      | Reached skill level 1 in Poison Magic
   107 | D:5      | Reached skill level 1 in Invocations
   107 | D:5      | Reached skill level 1 in Evocations
   107 | D:5      | Reached skill level 1 in Shapeshifting
   107 | D:5      | Reached XP level 3. HP: 35/35 MP: 2/4
   107 | D:5      | Reached XP level 4. HP: 41/41 MP: 2/5
   160 | D:5      | Found a staircase to the Ecumenical Temple.
   173 | Temple   | Entered the Ecumenical Temple
   218 | Temple   | Became a worshipper of Gozag Ym Sagoz the Greedy
   278 | D:5      | Noticed a water moccasin
   393 | D:4      | Reached XP level 5. HP: 47/47 MP: 5/7
   590 | D:4      | Noticed Menkaure
   595 | D:4      | Killed Menkaure
   596 | D:4      | Reached XP level 6. HP: 40/53 MP: 8/8
  1157 | D:3      | Noticed Sigmund
  1171 | D:3      | Killed Sigmund
  1172 | D:3      | Reached skill level 5 in Short Blades
  1172 | D:3      | Reached skill level 5 in Dodging
  1333 | D:3      | Reached XP level 7. HP: 6/60 MP: 10/10
  1524 | D:2      | Found a faded altar of an unknown god.
  4235 | D:5      | Reached skill level 10 in Stealth
  4298 | D:5      | Found a radiant altar of Vehumet.
  4742 | D:6      | Reached XP level 8. HP: 64/67 MP: 12/12
  4875 | D:6      | Found a runed translucent door.
  4876 | D:6      | Noticed Crazy Yiuf
  5071 | D:6      | Found a bloodstained altar of Trog.
  5072 | D:6      | Found a shimmering altar of Xom.
  5074 | D:6      | Found a shimmering blue altar of Sif Muna.
  5183 | D:7      | Found a transporter.
  5216 | D:7      | Reached XP level 9. HP: 66/73 MP: 14/14
  5899 | D:7      | Found a glowing silver altar of Zin.
  6444 | D:6      | Learned a level 3 spell: Stone Arrow
  7212 | D:7      | Reached skill level 5 in Invocations
  7328 | D:7      | Found a transporter.
  7572 | D:8      | Found Cawk's Book Emporium.
  7677 | D:8      | Noticed Gastronok
  8151 | D:8      | Found Jeserigu's Armour Shoppe.
  8379 | D:8      | Found Celaol's Weapon Shoppe.
  8397 | D:8      | Reached XP level 10. HP: 74/80 MP: 17/17
  8450 | D:8      | Killed Gastronok
  8451 | D:8      | Reached skill level 5 in Long Blades
  8451 | D:8      | Reached skill level 5 in Axes
  8451 | D:8      | Reached skill level 5 in Maces & Flails
  8451 | D:8      | Reached skill level 5 in Polearms
  8451 | D:8      | Reached skill level 5 in Staves
  8451 | D:8      | Reached skill level 5 in Ranged Weapons
  8451 | D:8      | Reached skill level 5 in Throwing
  8451 | D:8      | Reached skill level 5 in Armour
  8451 | D:8      | Reached skill level 5 in Shields
  8451 | D:8      | Reached skill level 5 in Unarmed Combat
  8451 | D:8      | Reached skill level 5 in Spellcasting
  8451 | D:8      | Reached skill level 5 in Evocations
  8746 | D:8      | Found a glowing golden altar of the Shining One.
  9057 | D:8      | Learned a level 3 spell: Call Canine Familiar
  9061 | D:8      | Learned a level 3 spell: Ozocubu's Armour
  9083 | D:8      | Found Lijyfong's Weapon Emporium.
  9095 | D:8      | Bought the +6 dagger of Muomuun {spect, Int+2 Dex-5 Stlth+}
                  | for 462 gold pieces
  9095 | D:8      | Bought a throwing net for 36 gold pieces
  9176 | D:8      | Found Zoud's Distillery.
  9184 | D:8      | Bought a potion of curing for 42 gold pieces
  9184 | D:8      | Bought a potion of resistance for 140 gold pieces
  9184 | D:8      | Bought a potion of degeneration for 14 gold pieces
  9184 | D:8      | Bought a potion of heal wounds for 70 gold pieces
  9184 | D:8      | Bought a potion of might for 56 gold pieces
  9313 | D:8      | Found a staircase to the Lair.
  9356 | D:9      | Reached skill level 5 in Shapeshifting
  9362 | D:9      | Noticed a kobold demonologist
  9373 | D:9      | Killed a kobold demonologist
  9509 | D:9      | Found a flagged portal.
  9533 | D:9      | Noticed Maggie
  9536 | D:9      | Killed Maggie
  9552 | Bailey   | Entered a bailey
  9557 | Bailey   | Noticed an orc warlord
  9582 | Bailey   | Identified the ring "Ofyops" {Fly Str-4 Int-4 Dex+6 Stlth+}
  9654 | Bailey   | Found a runed translucent gate.
  9654 | Bailey   | Found a runed translucent gate.
  9654 | Bailey   | Found a runed translucent gate.
 10010 | Bailey   | Killed an orc warlord
 10011 | Bailey   | Reached XP level 11. HP: 57/87 MP: 16/19
 10034 | Bailey   | Reached skill level 5 in Conjurations
 10034 | Bailey   | Reached skill level 5 in Hexes
 10034 | Bailey   | Reached skill level 5 in Summonings
 10034 | Bailey   | Reached skill level 5 in Necromancy
 10034 | Bailey   | Reached skill level 5 in Translocations
 10034 | Bailey   | Reached skill level 5 in Transmutations
 10034 | Bailey   | Reached skill level 5 in Fire Magic
 10034 | Bailey   | Reached skill level 5 in Ice Magic
 10034 | Bailey   | Reached skill level 5 in Air Magic
 10034 | Bailey   | Reached skill level 5 in Earth Magic
 10034 | Bailey   | Reached skill level 5 in Poison Magic
 10034 | Bailey   | Reached XP level 12. HP: 69/96 MP: 19/22
 10035 | Bailey   | Identified the +2 ring mail of Unreason {rElec rF- Dex+4}
 10223 | D:9      | Noticed a two-headed ogre
 10229 | D:9      | Killed a two-headed ogre
 10452 | D:9      | Noticed a two-headed ogre
 10455 | D:9      | Killed a two-headed ogre
 10490 | D:9      | Found a white marble altar of Elyvilon.
 10769 | D:10     | Entered Level 10 of the Dungeon
 11034 | D:10     | Identified a scroll of acquirement
 11034 | D:10     | Acquired the amulet of the Morning {Reflect rPois Dex+4
                  | SH+5}
 11262 | D:10     | Found a portal to a secret trove of treasure.
 11692 | D:10     | Found a staircase to the Orcish Mines.
 11951 | D:11     | Reached skill level 10 in Fighting
 12240 | D:11     | Noticed a two-headed ogre
 12247 | D:11     | Killed a two-headed ogre
 12406 | D:11     | Noticed a two-headed ogre
 12408 | D:11     | Noticed a two-headed ogre
 12413 | D:11     | Killed a two-headed ogre
 12419 | D:11     | Killed a two-headed ogre
 12435 | D:11     | Learned a level 4 spell: Dispel Undead
 12579 | D:11     | Found a runed translucent door.
 12592 | D:11     | Found a hide-covered altar of Uskayaw.
 12593 | D:11     | Noticed a +2 vampiric demon whip
 12631 | D:12     | Noticed Azrael
 12739 | Lair:1   | Entered Level 1 of the Lair of Beasts
 12939 | Lair:1   | Identified the +1 leather armour of Juyklepeps {Fly Int+5}
 13308 | Lair:1   | Reached XP level 13. HP: 58/104 MP: 24/24
 13479 | Lair:1   | Noticed Joseph
 13498 | Lair:1   | Killed Joseph
 13740 | Lair:1   | Noticed Prince Ribbit
 13747 | Lair:1   | Killed Prince Ribbit
 15254 | Lair:2   | Found a transporter.
 15263 | Lair:2   | Found a bloodstained altar of Trog.
 15263 | Lair:2   | Found a transporter.
 15281 | Lair:2   | Found a staircase to the Shoals.
 15296 | Lair:2   | Noticed Shayle's ghost (journeyman OgHs)
 16287 | Lair:3   | Found a hole to the Spider Nest.
 17793 | Lair:4   | Noticed Nestid's ghost (journeyman OgHs)
 17793 | Lair:4   | Found a runed translucent door.
 17793 | Lair:4   | Found a shimmering altar of Xom.
 17794 | Lair:4   | Identified the +12 glaive of Pedar {chaos, +Blink Int+3
                  | SInv}
 17799 | Lair:4   | Reached skill level 10 in Short Blades
 17799 | Lair:4   | Reached skill level 10 in Dodging
 18076 | Lair:4   | Reached XP level 14. HP: 113/113 MP: 26/26
 18377 | Lair:4   | Noticed Sonja
 18383 | Lair:4   | Sonja changed into Sonja the culicivora
 18383 | Lair:4   | Noticed Sonja
 18391 | Lair:4   | Killed Sonja the culicivora
 18874 | Lair:4   | Found a staircase to the Slime Pits.
 19039 | Lair:5   | Entered Level 5 of the Lair of Beasts
 19043 | Lair:5   | Reached skill level 10 in Invocations
 19175 | Lair:5   | Reached skill level 10 in Armour
 20244 | Lair:5   | Identified the +1 war axe "Iguxoaz" {pain, *Noise Fragile
                  | Str+7 SInv}
 20317 | Lair:5   | Acquired 1205 gold pieces
 21089 | Lair:5   | Found the -2 hat of the Alchemist {rElec rPois rF+ rC+ rN+
                  | Will+ rMut rCorr}
 21699 | D:12     | Killed Azrael
 21857 | D:12     | Noticed Erolcha
 21864 | D:12     | Killed Erolcha
 21877 | D:12     | Noticed Nergalle
 21890 | D:12     | Killed Nergalle
 21899 | D:12     | Reached XP level 15. HP: 95/120 MP: 28/28
 22704 | D:13     | Reached skill level 10 in Long Blades
 22704 | D:13     | Reached skill level 10 in Axes
 22704 | D:13     | Reached skill level 10 in Maces & Flails
 22704 | D:13     | Reached skill level 10 in Polearms
 22704 | D:13     | Reached skill level 10 in Staves
 22704 | D:13     | Reached skill level 10 in Ranged Weapons
 22704 | D:13     | Reached skill level 10 in Throwing
 22704 | D:13     | Reached skill level 10 in Shields
 22704 | D:13     | Reached skill level 10 in Unarmed Combat
 22704 | D:13     | Reached skill level 10 in Spellcasting
 22704 | D:13     | Reached skill level 10 in Evocations
 23342 | Orc:1    | Entered Level 1 of the Orcish Mines
 23509 | Orc:1    | Noticed an orc warlord
 23628 | Orc:1    | Killed an orc warlord
 24542 | Orc:2    | Entered Level 2 of the Orcish Mines
 24565 | Orc:2    | Found a radiant altar of Vehumet.
 25617 | Orc:2    | Paralysed by an orc sorcerer for 2 turns
 25787 | Orc:2    | Found Ytynoi's Distillery.
 25787 | Orc:2    | Found Vudakk's Jewellery Shoppe.
 25790 | Orc:2    | Found Ugenkyfup's Antique Weapon Emporium.
 25792 | Orc:2    | Found Loheecay's Distillery.
 25837 | Orc:2    | Bought a potion of heal wounds for 65 gold pieces
 25837 | Orc:2    | Bought a potion of heal wounds for 65 gold pieces
 25837 | Orc:2    | Bought a potion of resistance for 130 gold pieces
 25838 | Orc:2    | Bought a potion of berserk rage for 75 gold pieces
 25838 | Orc:2    | Bought a potion of heal wounds for 75 gold pieces
 25838 | Orc:2    | Bought a potion of heal wounds for 75 gold pieces
 25858 | Orc:2    | Bought a ring of see invisible for 225 gold pieces
 26949 | Orc:2    | Found a staircase to the Elven Halls.
 27098 | Elf:1    | Entered Level 1 of the Elven Halls
 27099 | Elf:1    | Noticed a deep elf elementalist
 27493 | D:13     | Noticed Nessos
 27495 | D:13     | Killed Nessos
 27851 | D:13     | Found a gate to the Vaults.
 28142 | D:14     | Noticed Roxanne
 28816 | D:14     | Found a white marble altar of Elyvilon.
 29306 | D:14     | Reached XP level 16. HP: 44/129 MP: 30/30
 30147 | D:14     | Found Kuojem's Book Shop.
 30151 | D:14     | Bought the Compendium of Glacial Calling for 646 gold
                  | pieces
 30157 | D:14     | Learned a level 5 spell: Summon Mana Viper
 30535 | D:14     | Killed Roxanne
 30615 | D:15     | Entered Level 15 of the Dungeon
 30646 | D:15     | Reached skill level 10 in Shapeshifting
 30918 | D:15     | Found a hide-covered altar of Uskayaw.
 31039 | D:15     | Noticed Rupert
 31284 | D:14     | Bought Great Wizards, Vol. VII for 510 gold pieces
 31288 | D:14     | Learned a level 3 spell: Tukima's Dance
 31294 | D:14     | Learned a level 5 spell: Borgnjor's Vile Clutch
 31300 | D:14     | Learned a level 5 spell: Yara's Violent Unravelling
 31305 | D:14     | Learned a level 4 spell: Passage of Golubria
 31431 | D:15     | Killed Rupert
 31575 | D:15     | Found a staircase to the Depths.
 32972 | Spider:1 | Entered Level 1 of the Spider Nest
 33262 | Spider:1 | Reached skill level 10 in Air Magic
 33341 | Spider:1 | HP: 2/130 [spark wasp (5)]
 33786 | Spider:1 | Noticed Louise
 33801 | Abyss:3  | Cast into level 3 of the Abyss (Louise)
 33834 | Abyss:3  | Noticed a tentacled monstrosity
 33838 | Abyss:3  | Paralysed by you for 2 turns
 33861 | Abyss:3  | Killed a tentacled monstrosity
 34054 | Abyss:3  | Learned a level 5 spell: Arcjolt
 34167 | Abyss:3  | Noticed a quicksilver dragon
 34189 | Abyss:3  | Killed a quicksilver dragon
 34199 | Abyss:3  | HP: 1/130 [deep elf sorcerer/damnation (32)]
 34234 | Abyss:3  | Noticed a tentacled starspawn
 34237 | Abyss:3  | Noticed a hellephant
 34252 | Abyss:3  | Noticed a tentacled starspawn
 34255 | Abyss:3  | Reached XP level 17. HP: 20/136 MP: 12/32
 34256 | Abyss:3  | Noticed a hellephant
 34262 | Abyss:3  | Found a corrupted altar of Lugonu.
 34275 | Abyss:3  | Got an abyssal rune of Zot
 34284 | Abyss:3  | Gained mutation: You occasionally lose the ability to drink
                  | potions when taking damage. [mutagenic glow]
 34328 | Spider:1 | Escaped the Abyss
 34606 | Lair:3   | Lost mutation: You occasionally lose the ability to drink
                  | potions when taking damage. [potion of mutation]
 34606 | Lair:3   | Gained mutation: Your body sometimes deteriorates upon
                  | taking damage. [potion of mutation]
 34607 | Lair:3   | Lost mutation: Your body sometimes deteriorates upon taking
                  | damage. [potion of mutation]
 34607 | Lair:3   | Gained mutation: You have supernaturally acute eyesight.
                  | (SInv) [potion of mutation]
 34607 | Lair:3   | Gained mutation: You have large cloven feet. [potion of
                  | mutation]
 34607 | Lair:3   | Gained mutation: You have a pair of small horns on your
                  | head. [potion of mutation]
 34897 | D:14     | Bought a book of the Moon for 680 gold pieces
 34904 | D:14     | Learned a level 5 spell: Silence
 35226 | Spider:1 | Killed Louise
 37111 | Spider:1 | Noticed Mlioglotl
 37348 | Orc:2    | Bought a ring of willpower for 375 gold pieces
 37598 | Spider:1 | Killed Mlioglotl
 37758 | Spider:1 | You fall into a shaft and drop 1 floor!
 38152 | Spider:2 | Reached skill level 10 in Conjurations
 38152 | Spider:2 | Reached skill level 10 in Hexes
 38152 | Spider:2 | Reached skill level 10 in Summonings
 38152 | Spider:2 | Reached skill level 10 in Necromancy
 38152 | Spider:2 | Reached skill level 10 in Translocations
 38152 | Spider:2 | Reached skill level 10 in Transmutations
 38152 | Spider:2 | Reached skill level 10 in Fire Magic
 38152 | Spider:2 | Reached skill level 10 in Ice Magic
 38152 | Spider:2 | Reached skill level 10 in Earth Magic
 38152 | Spider:2 | Reached skill level 10 in Poison Magic
 38981 | Spider:2 | Reached skill level 15 in Stealth
 42847 | Spider:3 | Reached XP level 18. HP: 145/145 MP: 34/34
 42881 | Spider:4 | Entered Level 4 of the Spider Nest
 42881 | Spider:4 | Noticed Nikola
 42882 | Spider:4 | Killed Nikola
 42883 | Spider:4 | Reached skill level 15 in Armour
 45116 | Spider:4 | Learned a level 3 spell: Mephitic Cloud
 46595 | Spider:4 | Got a gossamer rune of Zot
 46869 | Shoals:1 | Entered Level 1 of the Shoals
 47110 | Shoals:1 | Noticed Kirke
 47147 | Shoals:1 | Killed Kirke
 49076 | Shoals:2 | HP: 3/147 [faun/sling bullet (20)]
 49528 | Shoals:2 | Reached XP level 19. HP: 87/153 MP: 3/36
 50998 | Shoals:2 | Noticed Aizul
 51020 | Shoals:2 | Killed Aizul
 53027 | Shoals:3 | HP: 2/153 [merfolk/+0 spear[a merfolk impaler] (11)]
 53027 | Shoals:3 | Mangled by a merfolk

Illustrated notes

Levels and vault maps discovered:
D:1:      denvon_arrival_waterhouse, layout_loops_ring
D:2:      layout_loops_ring, ebering_ecumenical_altar_webs
D:3:      layout_loops_ring, grunt_decor_fettered, uniq_sigmund
D:4:      layout_basic, uniq_menkaure
D:5:      layout_rooms, general_overflow_altar, minmay_temple_entry_butterflies,
          kennysheep_cross_bottleneck
D:6:      layout_rooms, minitemple, uniq_crazy_yiuf_cottage
D:7:      gammafunk_steamed_eel, layout_loops_corners, zin_statuary
D:8:      layout_rooms, old_standard_altar, lair_entry_dummy, serial_shops,
          shop, shop, nicolae_shop_statue_plus, shop, nicolae_diamond_shop,
          uniq_gastronok
D:9:      layout_basic, marbit_many_paths, enter_bailey_3,
          nicolae_figureground_sparkle, uniq_maggie
D:10:     layout_loops_ring, orc_0_dummy, nicolae_trove_entry_crystal,
          hangedman_misty_isle
D:11:     layout_cave_pools, nicolae_danse_macabre
D:12:     layout_irregular_city, uniq_erolcha, uniq_nergalle, uniq_azrael
D:13:     layout_basic, ximxim_vaults_locker_room, uniq_nessos
D:14:     minmay_sliced_demisemicircle, layout_grid_maze, serial_shops,
          nicolae_book_shop_shelving, elyvilon_altar_4, uniq_roxanne
D:15:     hellmonk_depths_entry_around_the_bend, layout_irregular_city,
          nicolae_uskayaw_dance_hall, uniq_rupert
Temple:   regret_index_temple_generic_petals
Lair:1:   layout_layer_cave, grunt_megastairs_2, serial_bayou_shore_a,
          uniq_joseph, uniq_prince_ribbit2
Lair:2:   layout_cave_pods, elwin_shoals_entry_rocks,
          gammafunk_ghost_wrathful_warriors
Lair:3:   layout_cellular_growth, nicolae_spider_entry_lesser_pyramids
Lair:4:   layout_regular_city, dpeg_slime_entry_enclosed, ebering_ghost_xom,
          uniq_sonja
Lair:5:   gammafunk_lair_ancient_temple, layout_gridlike, grunt_megastairs_3
Shoals:1: layout_shoals, uniq_kirke
Shoals:2: layout_shoals, nicolae_shoals_flooded_hall, uniq_aizul
Shoals:3: cheibrodos_shoals_baths, layout_shoals, uniq_ilsuiw
Spider:1: layout_spider_delve, nicolae_spider_webs_and_nodes,
          nicolae_spider_bzzzt, uniq_louise, uniq_mlioglotl
Spider:2: layout_chambers
Spider:3: nicolae_spider_jumping_over_cracks [nicolae_spider_jumping_sub_plain,
          nicolae_spider_jumping_sub_offset, nicolae_spider_jumping_sub_moat,
          nicolae_spider_jumping_sub_plain], nicolae_spider_undead_wolf_pack
Spider:4: guppyfry_spider_rune, uniq_nikola
Orc:1:    orc_temple, layout_caves, basic_altar
Orc:2:    st_orc_mages, layout_caves, basic_altar
Elf:1:    eino_elf_arrival_shootout, layout_loops_cross, evilmike_minifort,
          minivault_8

Skill      XL: |  1  2  3  4  5  6  7  8  9 10 11 12 13 14 15 16 17 18 19 |
---------------+----------------------------------------------------------+-----
Stealth        | 10 11 12 13 14 15 16 | 16.0
Long Blades    | 1 2 3 4 5 6 7 8 9 10 11 12 13 | 13.2
Axes           | 1 2 3 4 5 6 7 8 9 10 11 12 13 | 13.2
Maces & Flails | 1 2 3 4 5 6 7 8 9 10 11 12 13 | 13.2
Polearms       | 1 2 3 4 5 6 7 8 9 10 11 12 13 | 13.2
Staves         | 1 2 3 4 5 6 7 8 9 10 11 12 13 | 13.2
Ranged Weapons | 1 2 3 4 5 6 7 8 9 10 11 12 13 | 13.2
Throwing       | 1 2 3 4 5 6 7 8 9 10 11 12 13 | 13.2
Armour         | 1 2 3 4 5 6 7 9 11 12 13 14 16 | 16.5
Shields        | 1 2 3 4 5 6 7 8 9 10 11 12 13 | 13.2
Unarmed Combat | 1 2 3 4 5 6 7 8 9 10 11 12 13 | 13.2
Spellcasting   | 1 2 3 4 5 6 7 8 9 10 11 12 13 | 13.2
Conjurations   | 1 2 3 4 5 6 7 8 9 10 11 | 11.2
Hexes          | 1 2 3 4 5 6 7 8 9 10 11 | 11.2
Summonings     | 1 2 3 4 5 6 7 8 9 10 11 | 11.2
Necromancy     | 1 2 3 4 5 6 7 8 9 10 11 | 11.2
Translocations | 1 2 3 4 5 6 7 8 9 10 11 | 11.2
Transmutations | 1 2 3 4 5 6 7 8 9 10 11 | 11.2
Fire Magic     | 1 2 3 4 5 6 7 8 9 10 11 | 11.2
Ice Magic      | 1 2 3 4 5 6 7 8 9 10 11 | 11.2
Air Magic      | 1 2 3 4 5 6 7 8 9 10 11 12 | 12.9
Earth Magic    | 1 2 3 4 5 6 7 8 9 10 11 | 11.2
Poison Magic   | 1 2 3 4 5 6 7 8 9 10 11 | 11.2
Invocations    | 1 2 3 4 5 6 7 8 9 10 11 12 13 14 | 14.3
Evocations     | 1 2 3 4 5 6 7 8 9 10 11 12 13 | 13.2
Shapeshifting  | 1 2 3 4 5 6 7 8 9 10 11 12 | 12.2
Short Blades   | 5 6 7 8 9 10 11 12 13 | 13.9
Dodging        | 5 6 7 8 9 10 11 12 13 | 13.9
Fighting       | 7 8 9 10 11 12 13 14 | 14.6

Action                     |  1- 3 |  4- 6 |  7- 9 | 10-12 | 13-15 | 16-18 | 19-21 || total
---------------------------+-------+-------+-------+-------+-------+-------+-------++-------
  Melee: Short sword       |    10 |    68 |    63 |       |       |       |       ||   141
         Bite              |       |     9 |    36 |    56 |   242 |   253 |    23 ||   619
         Punch             |       |     2 |     3 |       |       |       |       ||     5
         Dagger            |       |       |   231 |   307 |  1517 |  1407 |   163 ||  3625
         Flail             |       |       |    28 |       |       |       |       ||    28
         Trident           |       |       |       |    50 |       |       |       ||    50
         Headbutt          |       |       |       |       |       |   323 |    35 ||   358
  Throw: Javelin           |       |       |    12 |     6 |       |       |     9 ||    27
         Boomerang         |       |       |       |    12 |    15 |       |       ||    27
         Throwing net      |       |       |       |     5 |       |       |       ||     5
         Dart              |       |       |       |       |     7 |       |       ||     7
   Cast: Ozocubu's Armour  |       |       |       |     3 |     1 |     5 |       ||     9
         Call Canine Famil |       |       |       |     1 |    29 |     9 |       ||    39
         Stone Arrow       |       |       |       |     1 |     5 |     6 |       ||    12
         Summon Mana Viper |       |       |       |       |       |    99 |    20 ||   119
         Borgnjor's Vile C |       |       |       |       |       |    80 |    29 ||   109
         Yara's Violent Un |       |       |       |       |       |    10 |       ||    10
         Tukima's Dance    |       |       |       |       |       |     3 |       ||     3
         Dispel Undead     |       |       |       |       |       |     4 |       ||     4
         Silence           |       |       |       |       |       |     2 |       ||     2
         Passage of Golubr |       |       |       |       |       |     1 |       ||     1
         Arcjolt           |       |       |       |       |       |     4 |       ||     4
         Mephitic Cloud    |       |       |       |       |       |     1 |     6 ||     7
 Invoke: Potion Petition   |       |       |       |       |       |    18 |     1 ||    19
Ability: Evoke Invisibilit |       |       |       |       |       |     1 |       ||     1
  Evoke: Wand              |     2 |     2 |     4 |     2 |     4 |    26 |     2 ||    42
    Use: Scroll            |       |     1 |    17 |    12 |     9 |    19 |     3 ||    61
         Potion            |       |     1 |       |     6 |     6 |    44 |     1 ||    58
   Stab: Sleeping          |       |    10 |    37 |    17 |    35 |    24 |     1 ||   124
         Distracted        |       |       |     3 |     7 |    56 |    44 |     6 ||   116
         Held in net/web   |       |       |       |     3 |       |       |       ||     3
         Petrified         |       |       |       |       |     3 |       |       ||     3
         Invisible         |       |       |       |       |     2 |     1 |       ||     3
         Petrifying        |       |       |       |       |     1 |       |       ||     1
         Paralysed         |       |       |       |       |     2 |     4 |       ||     6
         Confused          |       |       |       |       |       |     1 |     2 ||     3
 Armour: Leather armour    |     3 |    24 |   118 |   118 |   187 |       |       ||   450
         Fire dragon scale |       |       |       |       |   240 |   962 |   146 ||  1348
  Dodge: Dodged            |     5 |    19 |   141 |   138 |   362 |   550 |    74 ||  1289
  Block: Buckler           |       |       |    30 |   105 |   623 |   991 |   120 ||  1869
         Reflection        |       |       |       |     2 |    10 |    21 |    19 ||    52

Table legend: (Time is in decaauts)
 A = Elapsed time spent in this place.
 B = Non-inter-level travel time spent in this place.
 C = Inter-level travel time spent in this place.
 D = Time resting spent in this place.
 E = Time spent auto-exploring this place.
 F = Levels seen in this place.
 G = Mean time per level.
                   A        B        C        D        E       F      G
               +--------+--------+--------+--------+--------+-----+--------+
         Total |  51660 |  48217 |   3443 |  18525 |  17918 |  33 | 1565.5 |
       Dungeon |  19267 |  17146 |   2121 |   4150 |   8768 |  15 | 1284.5 |
        Temple |     86 |      5 |     81 |      0 |      0 |   1 |   86.0 |
          Lair |  10471 |   9870 |    601 |   3399 |   4604 |   5 | 2094.2 |
        Shoals |   6225 |   6144 |     81 |   3541 |   1263 |   3 | 2075.0 |
   Spider Nest |  10257 |  10008 |    249 |   5265 |   2266 |   4 | 2564.2 |
  Orcish Mines |   4245 |   3937 |    308 |   1806 |   1008 |   2 | 2122.5 |
   Elven Halls |     52 |     52 |      0 |      0 |      5 |   1 |   52.0 |
         Abyss |    487 |    487 |      0 |     43 |      0 |   1 |  487.0 |
        Bailey |    566 |    566 |      0 |    320 |      3 |   1 |  566.0 |
               +--------+--------+--------+--------+--------+-----+--------+

Top non-repeatable levels by time:
Spider:2: 3598 daAuts
Shoals:2: 3527 daAuts
  Lair:3: 3410 daAuts
    D:14: 2915 daAuts
Spider:3: 2570 daAuts
Spider:4: 2474 daAuts
   Orc:2: 2347 daAuts
  Lair:1: 2058 daAuts
Shoals:1: 2009 daAuts
  Lair:5: 1955 daAuts
   Orc:1: 1897 daAuts
     D:7: 1732 daAuts
Spider:1: 1613 daAuts
    D:10: 1581 daAuts
  Lair:2: 1533 daAuts
